 Dungeon Crawl Stone Soup version 0.17.1-1-g73c8601 (webtiles) character file.

140679 JEM123 the Warrior (level 17, -10/116 HPs)
             Began as a Gargoyle Berserker on Feb 16, 2016.
             Was a High Priest of Trog.
             Killed from afar by a hellion (13 damage)
             ... with a burst of hellfire
             ... on level 1 of the Abyss on Feb 25, 2016.
             The game lasted 03:07:51 (28593 turns).

JEM123 the Warrior (Gargoyle Berserker)            Turns: 28593, Time: 03:07:51

Health: -10/116    AC: 51    Str: 20      XL:     17   Next: 31%
Magic:  14/14      EV: 13    Int:  4 (8)  God:    Trog [*****.]
Gold:   2821       SH:  9    Dex: 14      Spells: 0 memorised, 16 levels left

rFire  . . .     SeeInvis .     e - +3 eveningstar (protect)
rCold  . . .     Rnd*Rage +     x - +6 chain mail of Beyond {MR+ Int+2 Dex+3}
rNeg   + . .     SustAt   .     J - +2 buckler {AC+3}
rPois  ∞         Gourm    .     h - +2 helmet
rElec  +         Spirit   .     (no cloak)
rCorr  +         Warding  .     (no gloves)
rMut   .         Stasis   .     m - +2 pair of boots
MR     +++..                    s - amulet of resist corrosion
Stlth  ..........               B - +1 ring of slaying
                                a - ring of protection from magic

@: extremely resistant to hostile enchantments, extremely unstealthy
A: big wings, iridescent scales 1, berserk 2, blurry vision 1, clumsy 1, dopey
1, low mp 3, negative energy resistance 1, electricity resistance, slow
regeneration 1, weak 2, unbreathing, petrification resistance, rot immunity,
MP-powered wands, AC +12
a: Fly, Berserk, Trog's Hand, Brothers in Arms, Burn Spellbooks, Renounce
Religion


You were on level 1 of the Abyss.
You worshipped Trog.
Trog was extremely pleased with you.
You were hungry.

You visited 5 branches of the dungeon, and saw 27 of its levels.
You visited the Abyss 1 time.
You also visited: Volcano.

You collected 3472 gold pieces.
You spent 651 gold pieces at shops.

Inventory:

Hand Weapons
 b - a +0 blowgun
 e - a +3 eveningstar of protection (weapon)
 w - a +5 demon whip of flaming
Missiles
 f - 5 curare-tipped needles
 g - 13 needles of paralysis
 i - 4 poisoned javelins
 r - 4 tomahawks of returning
 z - 64 poisoned needles
 H - 5 needles of sleeping
 O - 11 silver javelins
 S - 3 silver tomahawks (quivered)
 V - 6 javelins of returning
 Y - 38 tomahawks
Armour
 h - a +2 helmet (worn)
 m - a +2 pair of boots (worn)
 x - the +6 chain mail of Beyond (worn) {MR+ Int+2 Dex+3}
   (You found it on level 3 of the Lair of Beasts)

   It affects your intelligence (+2).
   It affects your dexterity (+3).
   It affects your resistance to hostile enchantments.
 J - a +2 buckler of protection (worn)
Jewellery
 a - a ring of protection from magic (left hand)
 o - an uncursed ring of protection from fire
 s - an amulet of resist corrosion (around neck)
 y - an uncursed amulet of stasis
 B - a +1 ring of slaying (right hand)
 N - an uncursed amulet of clarity
 R - a +3 ring of strength
 T - the ring of the Gastropod {Ice rN++ Int+3}
   (You found it on level 6 of the Lair of Beasts)

   [ring of ice]

   It enhances your ice magic, and weakens your fire magic.
   It affects your intelligence (+3).
   It makes you vulnerable to fire.
   It protects you from cold.
   It greatly protects you from negative energy.
Wands
 K - a wand of disintegration (7)
 Q - a wand of cold (3)
 X - a wand of flame (43)
 Z - a wand of fire (5)
Scrolls
 j - a scroll of fear
 l - 7 scrolls of identify
 n - 7 scrolls of magic mapping
 t - 5 scrolls of blinking
 A - 2 scrolls of fog
 E - 7 scrolls of remove curse
 F - 2 scrolls of recharging
 L - 2 scrolls of enchant armour
 W - a scroll of silence
Potions
 p - 2 potions of agility
 q - 3 potions of invisibility
 u - 9 potions of curing
 v - a potion of resistance
 D - a potion of haste
 G - 2 potions of cancellation
 M - 3 potions of might
Miscellaneous
 I - an ornate deck of summoning
 U - a fan of gales
Comestibles
 c - 9 bread rations
 C - 18 fruits
 P - 23 royal jellies


   Skills:
 + Level 16.8 Fighting
   Level 3.4(8.0) Axes
 - Level 12.0(12.2) Maces & Flails
 - Level 8.0 Throwing
 + Level 15.7 Armour
 - Level 10.2 Dodging
 - Level 11.0 Shields
 - Level 5.0 Evocations


You had 16 spell levels left.
You didn't know any spells.

Dungeon Overview and Level Annotations

Branches:
Dungeon (10/15)            Temple (1/1) D:7            Lair (8/8) D:10
 Shoals (0/4) Lair:3        Snake (4/4) Lair:4        Slime (0/6) Lair:7
    Orc (4/4) D:9             Elf (0/3) Orc:3

Altars:
Ashenzari
Cheibriados
Dithmenos
Elyvilon
Fedhas
Gozag
Kikubaaqudgha
Makhleb
Nemelex Xobeh
Okawaru
Qazlal
Ru
Sif Muna
Trog
Vehumet
Xom
Yredelemnul
Zin
The Shining One
Beogh
Jiyva

Shops:
Orc:2 }   Orc:4 (*[=


Innate Abilities, Weirdness & Mutations

You are resistant to torment.
Your stone body is resilient (AC +12).
You are immune to poison.
Your large and strong wings let you fly indefinitely.
You resist negative energy.
You are resistant to electric shocks.
You can survive without breathing.
You are immune to petrification.
You are immune to rotting.
You are partially covered in iridescent scales (AC +4).
You often lose your temper in combat.
You are clumsy. (Dex -2)
You regenerate slowly when monsters are visible.
[Scrolls take you a little longer to read.]
[You are dopey. (Int -2)]
[Your magical capacity is extremely low (-30% MP).]
[You are very weak. (Str -4)]
[You expend magic power (3 MP) to strengthen your wands.]


Message History

Okay, then.
Unknown command.
Wield which item (- for none, * to show all)? (? for menu, Esc to quit)
Okay, then.
Read which item? (? for menu, Esc to quit)
Really read with blurry vision while enemies are nearby?
Okay, then.
You whack the hellion!
The hellion is moderately wounded.
The ynoxinul gestures.
Wield which item (- for none, * to show all)? (? for menu, Esc to quit)
Your +5 demon whip of flaming stops flaming.
You feel protected!
e - a +3 eveningstar of protection (weapon)
You block the hellion's attack.
You puncture the hellion!
The hellion is severely wounded.
The hellion gestures at you.
The hellfire explodes!
The burst of hellfire engulfs you!
You die...

. # .###. #
## . . . .
#. #3§# #.#
.# #
.##.§.##.#
.3# . .
#.#§ § .#..
. ## #
#.§§#.#.#
#. #
##.###§§§.#
# . §.
#.#§##.# #.
# #.####. #
. #.@.#.. .
. ###2# ##
.. .# . .
.. ##. # .
#5 #3 #. .


You could see a hellion, a ynoxinul and an ufetubus.

Vanquished Creatures
  Vashnia (Snake:3)
  5 tentacled starspawn (Abyss:1)
  Frances (Snake:1)
  A greater naga (Snake:3)
  Maud (Orc:3)
  Aizul (Snake:1)
  Louise (Snake:3)
  2 orc warlords
  A lorocyproca (Abyss:1)
  Snorg (Lair:3)
  Josephine (Lair:7)
  6 hydras
  8 naga warriors
  The ghost of odiv the Spear-Bearer, a journeyman MiAE of Okawaru (Lair:1)
  Erica (Orc:1)
  6 anacondas
  2 orc high priests (Orc:4)
  6 naga sharpshooters
  Urug (Lair:1)
  7 death yaks
  4 shock serpents
  Sonja (Lair:4)
  Nergalle (Orc:3)
  3 hell knights (Abyss:1)
  4 wretched stars (Abyss:1)
  A shadow demon (Abyss:1)
  Pikel (D:8)
  A naga ritualist (Snake:3)
  5 orc knights
  An ugly thing (Abyss:1)
  4 oklob plants (Lair:4)
  3 orc sorcerers
  4 salamanders
  12 elephants
  A worldbinder (Abyss:1)
  2 sirens (Lair:3)
  The ghost of msp the Ruffian, a novice TrFi of Nemelex Xobeh (D:10)
  15 spiny frogs
  2 centaur zombies (D:10)
  Maurice (Orc:3)
  An orange demon (Abyss:1)
  4 guardian serpents
  12 naga magi
  14 black mambas
  5 smoke demons (Abyss:1)
  A dire elephant skeleton (Abyss:1)
  A hellwing (Abyss:1)
  6 komodo dragons
  An efreet (Volcano)
  2 spriggan druids (Lair:8)
  2 fire drakes
  12 polar bears
  2 ancient zymes (Abyss:1)
  A queen bee (Lair:1)
  2 merfolk (Lair:3)
  A slime creature (D:7)
  Prince Ribbit (D:7)
  3 trolls
  19 blink frogs
  10 raiju (Abyss:1)
  2 boulder beetles
  11 spriggans (Lair:8)
  4 wraiths
  54 yaks
  6 redbacks (Lair:8)
  11 hippogriffs
  6 small abominations (Abyss:1)
  3 neqoxecs (Abyss:1)
  3 ynoxinuls (Abyss:1)
  A hippogriff (shapeshifter) (Abyss:1)
  A deep elf mage (D:10)
  Menkaure (D:7)
  A basilisk (Lair:5)
  7 wargs
  A hungry ghost (D:7)
  3 large abominations (Abyss:1)
  20 porcupines
  33 wolves
  30 nagas
  14 water moccasins
  Duvessa (D:7)
  4 sky beasts
  3 ice beasts
  8 spiders (Snake:1)
  2 slaves (D:8)
  3 hell hounds (Volcano)
  7 black bears (Lair:8)
  4 wasps
  31 orc warriors
  9 ogres
  12 crocodiles
  6 centaurs
  16 giant frogs
  2 big kobolds (D:9)
  A wyvern zombie (D:10)
  Dowan (D:7)
  9 gnoll sergeants
  A scorpion (D:4)
  33 killer bees
  2 electric eels
  2 vampire bats (Lair:8)
  5 wights (D:10)
  8 crimson imps
  8 hounds
  A quasit (D:8)
  A gnoll shaman (D:6)
  16 jellies
  A centaur skeleton (D:8)
  16 orc priests
  12 iguanas
  An iron imp (Abyss:1)
  Natasha (thrice) (D:2)
  9 worker ants
  24 orc wizards
  27 sheep
  A worker ant zombie (D:5)
  10 gnolls
  53 river rats
  8 adders
  A white imp (Abyss:1)
  6 shadow imps
  An ufetubus (Abyss:1)
  19 oozes
  4 worms
  2 adder skeletons
  3 giant geckos
  124 orcs
  16 bats
  4 giant cockroaches
  14 hobgoblins
  8 jackals
  16 kobolds
  A quokka (D:9)
  A ball python (D:1)
  A giant gecko skeleton (D:4)
  2 giant newts
  6 goblins
  A jackal skeleton (D:4)
  A quokka skeleton (D:5)
  8 rats
  2 starspawn tentacles (Abyss:1)
1035 creatures vanquished.

Vanquished Creatures (collateral kills)
  2 orc sorcerers
  A mottled dragon (D:9)
  3 orc warriors (Orc:4)
  3 killer bees (Lair:1)
  An orc priest (Orc:1)
  2 orc wizards
  12 orcs
24 creatures vanquished.

Vanquished Creatures (others)
  A black mamba (Snake:3)
  2 small abominations (Abyss:1)
  43 fungi
  9 plants
  24 starspawn tentacles (Abyss:1)
  307 starspawn tentacle segments (Abyss:1)
386 creatures vanquished.

Grand Total: 1445 creatures vanquished

Notes
Turn   | Place    | Note
--------------------------------------------------------------
     0 | D:1      | JEM123 the Gargoyle Berserker began the quest for the Orb.
     0 | D:1      | Reached XP level 1. HP: 14/14 MP: 1/1
   152 | D:1      | Reached XP level 2. HP: 13/19 MP: 2/2
   479 | D:1      | Reached ** piety under Trog
   732 | D:2      | Reached skill level 4 in Maces & Flails
   759 | D:2      | Reached XP level 3. HP: 19/23 MP: 3/3
   811 | D:2      | Noticed Natasha
   818 | D:2      | Killed Natasha
   963 | D:2      | Reached XP level 4. HP: 21/28 MP: 4/4
  1115 | D:2      | Noticed Natasha
  1123 | D:2      | Killed Natasha
  1123 | D:2      | Reached skill level 5 in Maces & Flails
  1259 | D:2      | Noticed Natasha
  1265 | D:2      | Killed Natasha
  2044 | D:3      | Reached XP level 5. HP: 18/32 MP: 5/5
  2073 | D:4      | Noticed an ogre
  2081 | D:4      | Killed an ogre
  2081 | D:4      | Reached skill level 6 in Maces & Flails
  2146 | D:3      | Found a stormy altar of Qazlal.
  2396 | D:3      | Reached XP level 6. HP: 37/37 MP: 6/6
  2402 | D:3      | Reached *** piety under Trog
  2745 | D:4      | You fall through a shaft for 3 floors!
  2745 | D:7      | Noticed Menkaure
  2747 | D:7      | Noticed Prince Ribbit
  2751 | D:7      | Killed Menkaure
  2751 | D:7      | Reached skill level 7 in Maces & Flails
  2766 | D:7      | Reached XP level 7. HP: 24/41 MP: 7/7
  2814 | D:7      | Reached skill level 8 in Maces & Flails
  2942 | D:7      | Noticed Duvessa
  2942 | D:7      | Noticed Dowan
  2997 | D:8      | HP: 1/61 [wasp (6)]
  3337 | D:8      | Reached skill level 9 in Maces & Flails
  3522 | D:8      | Reached XP level 8. HP: 46/46 MP: 8/8
  3572 | D:8      | Noticed a hippogriff
  3588 | D:8      | Killed a hippogriff
  3875 | D:8      | Reached skill level 10 in Maces & Flails
  3940 | D:8      | Found an iron altar of Okawaru.
  3940 | D:8      | Found a sparkling altar of Nemelex Xobeh.
  4096 | D:7      | Killed Prince Ribbit
  4096 | D:7      | Reached skill level 5 in Fighting
  4558 | D:5      | Entered Level 5 of the Dungeon
  4753 | D:4      | Got a scorched broad axe
  4754 | D:4      | Identified the +8 broad axe "Xockuv" {drain, rN+ Str+4} (You found it on level 4 of the Dungeon)
  4806 | D:5      | Reached XP level 9. HP: 55/57 MP: 9/9
  5381 | D:5      | Found a snail-covered altar of Cheibriados.
  6257 | D:6      | Reached skill level 5 in Armour
  6319 | D:6      | Reached **** piety under Trog
  6753 | D:7      | Killed Duvessa
  6756 | D:7      | Killed Dowan
  6871 | D:7      | Found a staircase to the Ecumenical Temple.
  6888 | Temple   | Entered the Ecumenical Temple
  7050 | D:7      | Noticed a hungry ghost
  7066 | D:7      | Killed a hungry ghost
  7104 | D:7      | Noticed a slime creature
  7111 | D:7      | Reached XP level 10. HP: 63/63 MP: 10/10
  7117 | D:7      | Killed a slime creature
  7650 | D:8      | Found a sacrificial altar of Ru.
  7650 | D:8      | Found a shattered altar of Ashenzari.
  7704 | D:8      | Noticed Pikel
  7712 | D:8      | Killed Pikel
  8219 | D:9      | Found a shadowy altar of Dithmenos.
  8275 | D:9      | Reached skill level 11 in Maces & Flails
  8280 | D:9      | Reached ***** piety under Trog
  8629 | D:9      | Found a staircase to the Orcish Mines.
  8691 | D:9      | Reached XP level 11. HP: 48/69 MP: 11/11
  8779 | D:9      | Found a glowing golden altar of the Shining One.
  9209 | D:10     | Entered Level 10 of the Dungeon
  9209 | D:10     | Noticed msp's ghost (novice TrFi)
  9224 | D:10     | Killed msp's ghost
  9224 | D:10     | Reached skill level 10 in Fighting
  9388 | D:10     | Found a staircase to the Lair.
  9399 | D:10     | Received a gift from Trog
 10002 | Lair:1   | Entered Level 1 of the Lair of Beasts
 10012 | Lair:1   | Noticed odiv's ghost (journeyman MiAE)
 10021 | Lair:1   | Killed odiv's ghost
 10021 | Lair:1   | Reached skill level 5 in Dodging
 10120 | Lair:1   | Noticed an eight-headed hydra
 10134 | Lair:1   | Killed a nine-headed hydra
 10428 | Lair:1   | Reached XP level 12. HP: 77/77 MP: 12/12
 10432 | Lair:1   | Reached skill level 1 in Shields
 10849 | Lair:1   | Noticed Urug
 10850 | Lair:1   | Reached skill level 5 in Shields
 10861 | Lair:1   | Killed Urug
 11657 | Lair:2   | Reached skill level 1 in Evocations
 11839 | Lair:2   | Received a gift from Trog
 12351 | Lair:3   | Noticed an eight-headed hydra
 12359 | Lair:3   | Killed an eight-headed hydra
 12359 | Lair:3   | Reached skill level 10 in Armour
 12395 | Lair:3   | Found a dark tunnel.
 12404 | Volcano  | Entered a volcano
 12489 | Volcano  | Reached skill level 12 in Maces & Flails
 12586 | Lair:3   | Noticed Snorg
 12601 | Lair:3   | Killed Snorg
 12623 | Lair:3   | Got a polished chain mail
 12637 | Lair:3   | Identified the +6 chain mail of Beyond {MR+ Int+2 Dex+3} (You found it on level 3 of the Lair of Beasts)
 12712 | Lair:3   | Reached XP level 13. HP: 83/83 MP: 15/15
 12806 | Lair:3   | Found a staircase to the Shoals.
 13130 | Lair:4   | Found a staircase to the Snake Pit.
 13312 | Lair:4   | Noticed Sonja
 13489 | Lair:4   | Killed Sonja
 14186 | Lair:4   | Received a gift from Trog
 14376 | Lair:4   | Reached skill level 1 in Throwing
 15585 | Lair:6   | Reached skill level 13 in Armour
 15884 | Lair:6   | Found a bloodstained altar of Trog.
 15941 | Lair:6   | Got a coiled wooden ring
 15943 | Lair:6   | Identified the ring of the Gastropod {Ice rN++ Int+3} (You found it on level 6 of the Lair of Beasts)
 16329 | Lair:6   | Gained mutation: Your large and strong wings let you fly indefinitely. [Gargoyle growth]
 16329 | Lair:6   | Reached XP level 14. HP: 83/92 MP: 16/16
 16524 | Lair:7   | Reached skill level 5 in Throwing
 16773 | Lair:7   | Got a twisted leather armour
 16784 | Lair:7   | Identified the +1 leather armour of Ivae {rC+} (You found it on level 7 of the Lair of Beasts)
 16785 | Lair:7   | Noticed Josephine
 16799 | Lair:7   | Killed Josephine
 17072 | Lair:7   | Reached skill level 14 in Armour
 17086 | Lair:7   | Reached ****** piety under Trog
 17086 | Lair:7   | Received a gift from Trog
 17168 | Lair:7   | Gained mutation: You are partially covered in iridescent scales (AC +4). [potion of beneficial mutation]
 17382 | Lair:7   | Found a viscous altar of Jiyva.
 17382 | Lair:7   | Found a staircase to the Slime Pits.
 17814 | Lair:7   | Received a gift from Trog
 17913 | Lair:8   | Entered Level 8 of the Lair of Beasts
 18588 | Lair:8   | Received a gift from Trog
 18913 | Lair:8   | Reached XP level 15. HP: 96/96 MP: 18/18
 18993 | Lair:8   | Reached skill level 5 in Evocations
 19459 | Lair:8   | Received a gift from Trog
 19944 | Orc:1    | Entered Level 1 of the Orcish Mines
 20140 | Orc:1    | Noticed Erica
 20163 | Orc:1    | Killed Erica
 20302 | Orc:1    | Received a gift from Trog
 20696 | Orc:2    | Found a roughly hewn altar of Beogh.
 20829 | Orc:2    | Found Rothruism's Quality Used Wands.
 21207 | Orc:2    | Received a gift from Trog
 21239 | Orc:3    | Noticed Nergalle
 21258 | Orc:3    | Killed Nergalle
 21428 | Orc:3    | Found a staircase to the Elven Halls.
 21432 | Orc:3    | Noticed Maud
 21453 | Orc:3    | Killed Maud
 21453 | Orc:3    | Reached skill level 10 in Dodging
 21542 | Orc:4    | Entered Level 4 of the Orcish Mines
 21635 | Orc:4    | Found Giuc's Antique Armour Boutique.
 22081 | Orc:4    | Gained mutation: You are clumsy. (Dex -2) [a neqoxec]
 22093 | Orc:4    | Received a gift from Trog
 22182 | Orc:4    | Found Elannel's General Store.
 22222 | Orc:4    | Bought a scroll of enchant weapon for 105 gold pieces
 22222 | Orc:4    | Bought a scroll of enchant weapon for 105 gold pieces
 22222 | Orc:4    | Bought a scroll of silence for 105 gold pieces
 22272 | Orc:4    | Found Gerchovi's Jewellery Emporium.
 22295 | Orc:4    | Bought a +1 ring of slaying for 66 gold pieces
 22337 | Orc:4    | Bought a bloodstained hat for 270 gold pieces
 22349 | Orc:4    | Identified the +0 hat of the Villain {+Fly MR- Regen+ MP-9} (You bought it in a shop on level 4 of the Orcish Mines)
 22466 | Orc:4    | Received a gift from Trog
 22479 | Orc:4    | Got a shimmering spear {god gift}
 22480 | Orc:4    | Identified the +9 spear of Indomitability {freeze, rN++ Int+4 Dex-3} (Trog gifted it to you on level 4 of the Orcish Mines)
 22499 | Orc:4    | Found Guiloumu's Antique Weapon Shop.
 22972 | Orc:3    | Found a roughly hewn altar of Beogh.
 23039 | Orc:3    | Noticed Maurice
 23049 | Orc:3    | Killed Maurice
 23584 | Snake:1  | Entered Level 1 of the Snake Pit
 23584 | Snake:1  | Noticed Aizul
 23620 | Snake:1  | Killed Aizul
 23821 | Snake:1  | Noticed Frances
 23835 | Snake:1  | Killed Frances
 24169 | Snake:1  | Reached XP level 16. HP: 86/106 MP: 19/19
 24549 | Snake:2  | Received a gift from Trog
 24560 | Snake:2  | Reached skill level 10 in Shields
 25261 | Snake:3  | Noticed Vashnia
 25545 | Snake:3  | Killed Vashnia
 25545 | Snake:3  | Reached skill level 15 in Fighting
 25985 | Snake:3  | Noticed Louise
 26009 | Snake:3  | Killed Louise
 26102 | Snake:3  | Received a gift from Trog
 26444 | Snake:3  | Received a gift from Trog
 26960 | Snake:4  | Entered Level 4 of the Snake Pit
 26982 | Snake:3  | Cast into the Abyss (naga)
 27118 | Abyss:1  | Noticed a tentacled starspawn
 27124 | Abyss:1  | Killed a tentacled starspawn
 27152 | Abyss:1  | Noticed a tentacled starspawn
 27162 | Abyss:1  | Killed a tentacled starspawn
 27189 | Abyss:1  | Noticed a tentacled starspawn
 27232 | Abyss:1  | Noticed a tentacled starspawn
 27581 | Abyss:1  | Reached skill level 16 in Fighting
 27604 | Abyss:1  | Reached skill level 15 in Armour
 27625 | Abyss:1  | Noticed a tentacled starspawn
 27636 | Abyss:1  | Killed a tentacled starspawn
 27636 | Abyss:1  | Reached XP level 17. HP: 79/115 MP: 20/20
 27692 | Abyss:1  | Noticed a lich
 27900 | Abyss:1  | Gained mutation: [Your magical capacity is very low (-20% MP).] [a neqoxec]
 28175 | Abyss:1  | Found a corrupted altar of Lugonu.
 28206 | Abyss:1  | Killed a tentacled starspawn
 28236 | Abyss:1  | Found a corrupted altar of Lugonu.
 28292 | Abyss:1  | Gained mutation: You regenerate slowly when monsters are visible. [a neqoxec]
 28299 | Abyss:1  | Gained mutation: You tend to lose your temper in combat. [a neqoxec]
 28307 | Abyss:1  | Gained mutation: You often lose your temper in combat. [a neqoxec]
 28499 | Abyss:1  | Received a gift from Trog
 28590 | Abyss:1  | HP: 3/116 [hellion/burst of hellfire (20)]
 28593 | Abyss:1  | Killed from afar by a hellion

Action                   |  1- 3 |  4- 6 |  7- 9 | 10-12 | 13-15 | 16-18 || total
-------------------------+-------+-------+-------+-------+-------+-------++-------
Melee: Mace              |    33 |       |       |       |       |       ||    33
       Whip              |    63 |   145 |   309 |       |       |       ||   517
       Broad axe         |       |       |   131 |   475 |       |       ||   606
       Flail             |       |       |       |   120 |       |       ||   120
       Demon whip        |       |       |       |    35 |  2178 |   855 ||  3068
       Eveningstar       |       |       |       |       |       |    84 ||    84
 Fire: Hunting sling     |       |    37 |    42 |       |       |       ||    79
Throw: Stone             |    18 |     9 |       |     6 |       |       ||    33
       Tomahawk          |       |       |    10 |    31 |    69 |     3 ||   113
       Javelin           |       |       |       |       |    34 |    42 ||    76
Invok: Berserk           |     2 |     5 |     8 |    11 |     5 |     2 ||    33
       Trog's Hand       |       |     3 |     3 |     9 |    12 |     6 ||    33
       Burn Spellbooks   |       |     1 |       |     1 |     3 |     3 ||     8
       Brothers in Arms  |       |       |       |     2 |     6 |       ||     8
 Abil: Fly               |       |       |       |       |     1 |       ||     1
       Stop Flying       |       |       |       |       |     1 |       ||     1
Evoke: Wand              |       |       |       |     2 |     6 |     5 ||    13
  Use: Scroll            |       |     9 |     9 |    13 |    14 |     2 ||    47
       Potion            |       |       |     2 |     2 |     1 |     4 ||     9
 Stab: Sleeping          |     1 |       |       |       |       |       ||     1
  Eat: Chunk             |     2 |    10 |    12 |    23 |    37 |     3 ||    87
       Pizza             |       |       |     3 |     1 |       |     1 ||     5
       Meat ration       |       |       |     2 |     2 |     1 |     1 ||     6
       Royal jelly       |       |       |     1 |       |       |       ||     1
       Beef jerky        |       |       |       |       |     1 |     6 ||     7
